 Dungeon Crawl Stone Soup version 0.14-a0-2017-g4a4604d (webtiles) character file.

91 M4edhros the Sneak (level 3, -5/21 HPs)
             Began as an Octopode Wanderer on Jan 18, 2014.
             Slain by Edmund
             ... wielding a +1,+4 flail of protection
              (7 damage)
             ... on Level 4 of the Dungeon.
             The game lasted 00:04:08 (1598 turns).

M4edhros the Sneak (Octopode Wanderer)              Turns: 1598, Time: 00:04:09

HP  -5/21        AC  1     Str 10      XL: 3   Next: 39%
MP   9/9         EV 11     Int 15      God:
Gold 54          SH  0     Dex 12      Spells:  1 memorised,  7 levels left

rFire  . . .     SeeInvis .     f - +2 elf short sword
rCold  . . .     Clarity  .     (no shield)
rNeg   . . .     Conserve .     (helmet restricted)
rPois  .         rCorr    .     (no amulet)
rElec  .         rRot     .     (no ring)
SustAb . .       Spirit   .     (no ring)
rMut   .         Warding  .     (no ring)
Saprov . . .     Stasis   .     (no ring)
MR     .....                    (no ring)
                                (no ring)
                                (no ring)
                                (no ring)

@: not resistant to hostile enchantments, quite stealthy
A: almost no armour, amphibious, 8 rings, constrict 8, camouflage 1, gelatinous
body 1
a: no special abilities


You were on level 4 of the Dungeon.
You were very hungry.

You visited 1 branch of the dungeon, and saw 4 of its levels.

You collected 54 gold pieces.

Inventory:

Hand weapons
 c - a +0,+0 dagger
 f - a +2,+2 elven short sword (weapon)
Comestibles
 b - 15 strawberries
 d - 3 bread rations
 h - a meat ration
 k - a choko
Scrolls
 e - 5 scrolls of identify {unknown}
 g - a scroll of teleportation
 i - 2 scrolls of amnesia {unknown}
 j - a scroll of remove curse {unknown}
Books
 a - a book of Maledictions

   Spells                             Type                      Level
   Corona                             Hexes                        1
   Sure Blade                         Hexes/Charms                 2
   Ensorcelled Hibernation            Hexes/Ice                    2
   Confuse                            Hexes                        3
   Enslavement                        Hexes                        4
   Invisibility                       Hexes                        6


   Skills:
 + Level 4.3 Stealth
 - Level 3.0 Spellcasting
   Level 3.0 Hexes
   Level 2.0 Transmutations
   Level 1.0 Invocations
   Level 1.1 Evocations


You had 7 spell levels left.
You knew the following spells:

 Your Spells              Type           Power        Failure   Level  Hunger
a - Freeze                Ice            #...         21%         1    #......


Dungeon Overview and Level Annotations

Branches:
Dungeon (4/16)
 Temple: D:4-7

Altars:
Xom
Yredelemnul
Zin

Annotations:
D:4 Edmund


Innate Abilities, Weirdness & Mutations

You cannot wear most types of armour.
You are amphibious.
You can wear up to eight rings at the same time.
You can use your tentacles to constrict many enemies at once.
Your skin changes colour to match your surroundings (Stlth).
Your rubbery body absorbs attacks (AC +1).


Message History

Drink which item? (? for menu, Esc to quit)
You feel better.
You constrict Edmund, but do no damage. Edmund barely misses you.
You hit Edmund but do no damage. You squeeze Edmund!
Edmund is moderately wounded.
You constrict Edmund, but do no damage. Edmund hits you with a glowing flail.
You hit Edmund but do no damage. You squeeze Edmund.
Edmund is moderately wounded.
You constrict Edmund, but do no damage. Edmund barely misses you.
You hit Edmund but do no damage.
Edmund is moderately wounded.
You constrict Edmund, but do no damage. Edmund hits you with a glowing flail!
* * * LOW HITPOINT WARNING * * *
You hit Edmund. You squeeze Edmund, but do no damage.
Edmund is moderately wounded.
You constrict Edmund. Edmund closely misses you.
You hit Edmund but do no damage. You squeeze Edmund.
Edmund is heavily wounded.
You constrict Edmund. Edmund hits you with a glowing flail!
You die...

....._#..%#_...................
......#.A.#..#.....##.......###
......#####..#.....######..<...
..............#.....##.......###
.............#########.##'##)...
.................#####.#...#.###
....?...#.............#...(....
..@....l#.............#..(#.###
........#....@@.......##'##.#
.......#.......##..........#
......#.......##......##..#
.....#.).....##......##..#
.....#.......##......##..#
........##########......##..#
....(....# #......##..#
..........# #......##..#
..........# ########..........#


You could see Edmund.

Vanquished Creatures
  2 giant geckos
  4 giant cockroaches
  2 goblins (D:1)
  2 hobgoblins (D:2)
  7 kobolds
  A quokka (D:3)
  2 ball pythons
  9 bats
  2 giant newts (D:1)
  5 rats
  A spectral orc (D:4)
37 creatures vanquished.

Vanquished Creatures (others)
  An iguana (D:4)
1 creature vanquished.

Grand Total: 38 creatures vanquished

Notes
Turn   | Place    | Note
--------------------------------------------------------------
     0 | D:1      | M4edhros, the Octopode Wanderer, began the quest for the Orb.
     0 | D:1      | Reached XP level 1. HP: 11/11 MP: 6/6
    83 | D:1      | Reached skill level 1 in Stealth
   133 | D:1      | Reached XP level 2. HP: 7/17 MP: 8/8
   405 | D:1      | Paralysed by a potion of paralysis for 4 turns
   927 | D:2      | Reached XP level 3. HP: 21/21 MP: 9/9
   999 | D:3      | Reached skill level 4 in Stealth
  1006 | D:4      | Found a sand-covered staircase.
  1014 | D:4      | Found a glowing silver altar of Zin.
  1017 | D:4      | Noticed an angel
  1020 | D:4      | Found a shimmering altar of Xom.
  1027 | D:4      | Noticed Edmund
  1454 | D:4      | Found a basalt altar of Yredelemnul.
  1598 | D:4      | Slain by Edmund

Action                   || total
-------------------------++-------
Melee: Dagger            ||    27
       Short sword       ||    51
  Use: Potion            ||     5
       Scroll            ||     1
 Stab: Sleeping          ||     8
